 Dungeon Crawl Stone Soup version 0.23.0 (webtiles) character file.

Game seed: 9255605177987632256

262 Borgoz the Sneak (level 5, 0/43 HPs)
             Began as a Demonspawn Assassin on Feb 17, 2019.
             Slain by a wight
             ... wielding a cursed +5 spear
              (4 damage)
             ... on level 4 of the Dungeon.
             The game lasted 00:07:12 (4727 turns).

Borgoz the Sneak (Demonspawn Assassin)              Turns: 4727, Time: 00:07:12

Health: 0/43       AC:  7    Str:  9 (11) XL:     5   Next: 97%
Magic:  5/5        EV: 10    Int: 11 (12) God:
Gold:   155        SH:  0    Dex: 13 (16) Spells: 4/4 levels left

rFire    . . .     SeeInvis .   a - +2 dagger
rCold    . . .     Gourm    .   (no shield)
rNeg     . . .     Faith    .   n - +0 leather armour
rPois    .         Spirit   .   (no helmet)
rElec    .         Reflect  .   d - +1 cloak
rCorr    .         Harm     .   (no gloves)
MR       .....                  (no boots)
Stlth    +.........             (no amulet)
HPRegen  0.14/turn              (no ring)
MPRegen  0.09/turn              (no ring)

@: very heavily drained
A: rugged brown scales 2, rot immunity
a: no special abilities


You were on level 4 of the Dungeon.
You were not hungry.

You visited 1 branch of the dungeon, and saw 4 of its levels.

You collected 155 gold pieces.

Inventory:

Hand Weapons
 a - a +2 dagger (weapon)
 b - a +0 blowgun
Missiles
 e - 29 poisoned needles
 f - 2 curare-tipped needles
Armour
 c - a +0 robe
 d - a +1 cloak (worn)
 m - a +0 large shield
 n - a +0 leather armour (worn)
Jewellery
 k - a +2 amulet of reflection {unknown}
Scrolls
 l - 2 scrolls of fog {unknown}
 p - a scroll of identify {unknown}
 t - a scroll of remove curse {unknown}
Potions
 i - a potion of berserk rage {unknown}
 j - a potion of curing
 o - a potion of resistance {unknown}
 r - a potion of invisibility {unknown}
 s - a potion of magic {unknown}
Comestibles
 g - 2 rations


   Skills:
 + Level 3.1(0.0) Fighting
 * Level 3.4(0.0) Short Blades
 - Level 1.7(0.0) Throwing
 * Level 3.0(0.0) Dodging
 + Level 4.4(0.6) Stealth


You had 4 spell levels left.
You didn't know any spells.
Your spell library was empty.

Dungeon Overview and Level Annotations

Branches:
Dungeon (4/15)
 Temple: D:4-7

Altars:
Makhleb
Nemelex Xobeh
Qazlal


Innate Abilities, Weirdness & Mutations

You are mostly covered in rugged brown scales. (AC +2, +5% HP)
You are immune to rotting.


Message History

You hit the wight but do no damage.
The wight is lightly damaged.
The wight barely misses you.
You closely miss the wight.
The wight is lightly damaged.
The wight hits you with a cursed +5 spear!
You hit the wight but do no damage.
The wight is lightly damaged.
The wight hits you with a cursed +5 spear!
* * * LOW HITPOINT WARNING * * *
You feel drained.
* * * LOW HITPOINT WARNING * * *
Unknown command.
You hit the wight but do no damage.
The wight is lightly damaged.
The wight barely misses you.
You hit the wight.
The wight is heavily damaged.
The wight hits you with a cursed +5 spear.
You die...

.....
..#........))###
.....
#..........### #
.....# #........#.#
# ......
#.....###.## #
......# #...#
##..#### #.....##
#...###....##.
#.>....##
#...#.........
#..###.............
##@................
#z.#........#####.
#..###.....## ##.
#..# #....## #.#
#..# #...## ###
#... ##### .### #


You could see a wight.

Vanquished Creatures
  A hound (D:2)
  An orc priest (D:4)
  A bullfrog skeleton (D:4)
  9 adders
  2 oozes (D:1)
  A worm (D:4)
  A dart slug (D:1)
  2 leopard geckos
  5 orcs
  A giant cockroach (D:2)
  10 goblins
  6 hobgoblins
  7 jackals
  2 quokkas (D:2)
  2 ball pythons
  10 bats
  4 frilled lizards
  10 kobolds
  9 rats
84 creatures vanquished.

Notes
Turn   | Place    | Note
-------+----------+-------------------------------------------
     0 | D:1      | Borgoz the Demonspawn Assassin began the quest for the Orb.
     0 | D:1      | Reached XP level 1. HP: 16/16 MP: 1/1
    77 | D:1      | Reached skill level 1 in Dodging
   140 | D:1      | Gained mutation: You are partially covered in rugged brown
                  | scales. (AC +1, +3% HP) [demonic ancestry]
   140 | D:1      | Reached XP level 2. HP: 10/22 MP: 2/2
   459 | D:1      | You fall through a shaft!
   812 | D:1      | Reached XP level 3. HP: 20/28 MP: 3/3
   982 | D:2      | Found a sparkling altar of Nemelex Xobeh.
  1279 | D:2      | Reached skill level 4 in Stealth
  1478 | D:2      | Gained mutation: You are immune to rotting. [demonic
                  | ancestry]
  1478 | D:2      | Reached XP level 4. HP: 31/35 MP: 4/4
  2377 | D:3      | Gained mutation: You are mostly covered in rugged brown
                  | scales. (AC +2, +5% HP) [demonic ancestry]
  2377 | D:3      | Reached XP level 5. HP: 14/42 MP: 5/5
  2960 | D:3      | Found a stormy altar of Qazlal.
  3311 | D:2      | Found a burning altar of Makhleb.
  3792 | D:3      | HP: 2/43 [wight/+5 dire flail of freezing (1)]
  4394 | D:4      | HP: 2/43 [orc priest/nerve-wracking pain (6)]
  4727 | D:4      | Slain by a wight

Skill      XL: |  1  2  3  4  5 |
---------------+----------------+-----
Dodging        | 1 2 3 |  3.0
Short Blades   | 2 3 |  3.4
Stealth        | 4 |  4.4
Fighting       | 3 |  3.1
Throwing       | |  1.7

Action                   |  1- 3 |  4- 6 || total
-------------------------+-------+-------++-------
Melee: Dagger            |   127 |   218 ||   345
 Fire: Blowgun           |       |    11 ||    11
  Use: Scroll            |     5 |     2 ||     7
       Potion            |       |     3 ||     3
 Stab: Sleeping          |    11 |     9 ||    20
  Eat: Chunk             |     2 |     7 ||     9
       Ration            |       |     1 ||     1
Armor: Robe              |    28 |    37 ||    65
       Leather armour    |       |    13 ||    13
Dodge: Dodged            |    81 |   125 ||   206
